 Dungeon Crawl Stone Soup version 0.30-a0-313-gae38170b09 (webtiles) character file.

Game seed: 17954339103459497709

179 Harunobu the Trooper (level 5, 0/48 HPs)
             Began as a Minotaur Monk on Oct 25, 2022.
             Slain by a hound (3 damage)
             ... on level 4 of the Dungeon.
             The game lasted 00:04:36 (3055 turns).

Harunobu the Trooper (Minotaur Monk)                Turns: 3055, Time: 00:04:36

Health: 0/48       AC:  0    Str: 17      XL:     5   Next: 32%
Magic:  4/4        EV:  8    Int:  7      God:
Gold:   185        SH:  9    Dex: 11 (13) Spells: 4/4 levels left

rFire   + . .      SeeInvis .    k - +2 short sword (flame)
rCold   + . .      Faith    .    s - +0 tower shield
rNeg    . . .      Spirit   .    (no body armour)
rPois   .          Reflect  .    (helmet restricted)
rElec   .          Harm     .    f - scarf {rC+ rF+}
rCorr   .          Rampage  .    (no gloves)
Will    .....                    (no boots)
Stlth   ++........               (no amulet)
HPRegen 0.28/turn                (no ring)
MPRegen 0.09/turn                (no ring)

@: no status effects
A: horns 2, retaliatory headbutt
a: no special abilities


You were on level 4 of the Dungeon.
You visited 1 branch of the dungeon, and saw 4 of its levels.

You collected 185 gold pieces.

Inventory:

Hand Weapons
 a - a +0 mace
 d - a +0 hand axe of freezing
 k - a +2 short sword of flaming (weapon)
Armour
 b - a +0 robe
 f - a scarf of resistance (worn)
 g - a +0 chain mail
 s - a +0 tower shield (worn)
Jewellery
 h - a ring of protection from cold
Scrolls
 e - 4 scrolls of identify {unknown}
 i - 3 scrolls of teleportation {unknown}
 l - a scroll of poison {unknown}
 n - a scroll of enchant armour {unknown}
 p - 2 scrolls of noise {unknown}
Potions
 c - a potion of ambrosia
 j - 2 potions of might {unknown}
 m - a potion of cancellation {unknown}
 o - a potion of brilliance {unknown}
 q - a potion of flight {unknown}
 r - a potion of attraction {unknown}


   Skills:
 + Level 5.1 Fighting
 - Level 3.6 Maces & Flails
 + Level 4.6 Dodging
 + Level 3.1 Stealth


You had 4 spell levels left.
You didn't know any spells.
Your spell library contained the following spells:

 Spells                   Type           Power      Damage    Failure   Level
 Leda's Liquefaction      Hex/Erth       0%         N/A       100%        4
 Lee's Rapid Deconstruct  Erth           0%         3d4*      100%        5
 Statue Form              Tmut/Erth      0%         N/A       100%        6


Dungeon Overview and Level Annotations

Branches:
Dungeon (4/15)             Temple (0/1) D:4

Altars:
Cheibriados
Dithmenos

Annotations:
D:3 Sigmund
D:4 Eustachio


Innate Abilities, Weirdness & Mutations

You have a pair of horns on your head.
You reflexively headbutt those who attack you in melee.


Message History

An orc comes into view. It is wielding a +0 short sword.
You hit Eustachio. You burn Eustachio.
You headbutt Eustachio, but do no damage.
Eustachio is lightly wounded.
Eustachio casts a spell.
A jackal comes into view.
The hound bites you.
The jackal barks! x2
You hit Eustachio. You burn Eustachio. Your headbutt misses Eustachio.
Eustachio is moderately wounded.
The hound bites you. Eustachio hits you with a +0 rapier. The quasit bites you.
You feel clumsy. The quasit completely misses you. The quasit claws you.
You feel clumsy. The shadow imp gestures at you.
You barely resist. You block the hound's attack.
Eustachio mumbles some strange words.
You barely miss Eustachio.
Eustachio is moderately wounded.
The quasit bites you. The quasit barely misses you. The quasit claws you.
You block the hound's attack. The shadow imp hits you.
Eustachio hits you with a +0 rapier.
* * * LOW HITPOINT WARNING * * *
The quasit closely misses you. You furiously retaliate!
You headbutt the quasit, but do no damage.
The quasit claws you.
* * * LOW HITPOINT WARNING * * *
The quasit claws you.
* * * LOW HITPOINT WARNING * * *
The hound closely misses you. The shadow imp hits you.
* * * LOW HITPOINT WARNING * * *
The white imp barely misses you.
You hit Eustachio. You burn Eustachio.
Eustachio is moderately wounded.
The hound barely misses you. You furiously retaliate!
You headbutt the hound. The quasit bites you.
* * * LOW HITPOINT WARNING * * *
You block the quasit's attack. x2; Eustachio barely misses you.
You furiously retaliate!
You headbutt Eustachio. The hound bites you.
You die...

##>.#.# ## #### #.#
......# ........# #.#
......# #$##.##.# #.#
......# # ##.##.##.###.#
......# #.#.........#..#
......# #.............##
......# #..⌠...⌠..#.#
.)....# ###.....5...#.#
##..######......@5....$#
#..# #...#...5@h...###
##..# ♣.♣.#..⌠.bh⌠..#
#§..###♣.♣.......h......
#...§..♣.♣.#.........##.#
#§.§.##♣.♣.##.##.##o## ..
##...# ♣.♣.##.##..... .
##.## ♣.♣.##.###.....
###†####....#...


You could see Eustachio, a hound, a quasit (summoned), a white imp (summoned), a
shadow imp (summoned), an orc, 2 jackals and a bat (summoned).

Vanquished Creatures
  Natasha (twice) (D:2)
  4 adders
  2 gnolls
  2 worms
  A dart slug (D:2)
  6 bats
  2 endoplasms (D:2)
  A giant cockroach (D:2)
  8 goblins
  3 hobgoblins
  3 jackals
  2 quokkas (D:3)
  8 ball pythons
  8 frilled lizards
  11 kobolds
  6 rats
69 creatures vanquished.

Notes
Turn   | Place    | Note
-------+----------+-------------------------------------------
     0 | D:1      | Harunobu the Minotaur Monk began the quest for the Orb.
     0 | D:1      | Reached XP level 1. HP: 19/19 MP: 0/0
   285 | D:1      | Reached skill level 4 in Fighting
   285 | D:1      | Reached XP level 2. HP: 16/27 MP: 1/1
   741 | D:1      | Reached XP level 3. HP: 33/33 MP: 2/2
  1496 | D:2      | Reached XP level 4. HP: 32/41 MP: 3/3
  1564 | D:2      | Noticed Natasha
  1577 | D:2      | Killed Natasha
  1747 | D:2      | Found a snail-covered altar of Cheibriados.
  1949 | D:2      | Noticed Natasha
  1954 | D:2      | Killed Natasha
  2016 | D:2      | Reached skill level 5 in Fighting
  2190 | D:3      | Noticed Sigmund
  2329 | D:3      | Reached XP level 5. HP: 48/48 MP: 4/4
  2513 | D:3      | Noticed a centaur
  2777 | D:4      | Found a shadowy altar of Dithmenos.
  2863 | D:4      | Found a staircase to the Ecumenical Temple.
  2864 | D:4      | Noticed Eustachio
  3055 | D:4      | Slain by a hound

Illustrated notes

Levels and vault maps discovered:
D:1:      lightli_arrival_chessboard, layout_basic
D:2:      layout_loops_corners, basic_altar, chequers_serial_rivers_small_b,
          minmay_heptomino_h4, uniq_natasha
D:3:      layout_loops_ring, st_stairs_3, uniq_sigmund
D:4:      lemuel_castle_with_subvaults [lemuel_castle_interior_carwin_3],
          layout_loops_ring, zin_treasury, grunt_dithmenos_smoke,
          minmay_temple_entry_large_hall, serial_forest,
          infiniplex_forest_straight_2, infiniplex_forest_lined_room_,
          infiniplex_forest_lined_4_way, infiniplex_forest_straight_5,
          infiniplex_forest_lined_3, infiniplex_forest_lined_3,
          infiniplex_forest_lined_2, grunt_decor_resistance,
          minmay_close_crescents, uniq_ijyb, uniq_eustachio

Skill      XL: |  1  2  3  4 |
---------------+-------------+-----
Fighting       | 4 5 |  5.1
Stealth        | 2 3 |  3.1
Dodging        | 4 |  4.6
Maces & Flails | |  3.6

Action                   |  1- 3 |  4- 6 || total
-------------------------+-------+-------++-------
Melee: Hand axe          |    51 |       ||    51
       Mace              |     6 |       ||     6
       Headbutt          |     4 |     9 ||    13
       Punch             |     1 |       ||     1
       Short sword       |    15 |    72 ||    87
 Stab: Sleeping          |     5 |     5 ||    10
Armor: Robe              |     7 |       ||     7
Dodge: Dodged            |    44 |    47 ||    91
Block: Tower shield      |       |     9 ||     9

Table legend: (Time is in decaauts)
 A = Elapsed time spent in this place.
 B = Non-inter-level travel time spent in this place.
 C = Inter-level travel time spent in this place.
 D = Time resting spent in this place.
 E = Time spent auto-exploring this place.
 F = Levels seen in this place.
 G = Mean time per level.
                   A        B        C        D        E       F      G
               +--------+--------+--------+--------+--------+-----+--------+
         Total |   3083 |   2947 |    136 |    905 |   1298 |   4 |  770.8 |
       Dungeon |   3083 |   2947 |    136 |    905 |   1298 |   4 |  770.8 |
               +--------+--------+--------+--------+--------+-----+--------+

Top non-repeatable levels by time:
     D:2: 1306 daAuts
     D:1: 1008 daAuts
     D:4: 402 daAuts
     D:3: 364 daAuts
